 Dungeon Crawl Stone Soup version 0.20.1-1-g8b1a95d (webtiles) character file.

319 Inarius the Purveyor of Pain (level 6, -4/48 HPs)
             Began as a Hill Orc Necromancer on July 3, 2017.
             Was an Initiate of Kikubaaqudgha.
             Slain by an ogre
             ... wielding a +0 giant spiked club
              (25 damage)
             ... on level 4 of the Dungeon.
             The game lasted 00:20:24 (4524 turns).

Inarius the Purveyor of Pain (Hill Orc Necromancer) Turns: 4524, Time: 00:20:25

Health: -4/48      AC:  4    Str: 11    XL:     6   Next: 46%
Magic:  5/11       EV: 12    Int: 17    God:    Kikubaaqudgha [......]
Gold:   230        SH:  0    Dex: 15    Spells: 3/11 levels left

rFire    . . .     SeeInvis .   d - +4 short sword
rCold    . . .     Gourm    .   (no shield)
rNeg     . . .     Faith    .   e - +0 leather armour
rPois    .         Spirit   .   (no helmet)
rElec    .         Reflect  .   g - +0 cloak
rCorr    .         Harm     .   (no gloves)
MR       .....                  (no boots)
Stlth    ++........             p - amulet of inaccuracy
Regen    0.2/turn               m - +4 ring of dexterity
MPRegen  0.2/turn               (no ring)

@: no status effects
A: no striking features
a: Renounce Religion


You were on level 4 of the Dungeon.
You worshipped Kikubaaqudgha.
Kikubaaqudgha was noncommittal.
You were very hungry.

You visited 2 branches of the dungeon, and saw 5 of its levels.

You collected 230 gold pieces.

Inventory:

Hand Weapons
 d - a +4 short sword (weapon)
 i - a +0 whip of holy wrath
Armour
 e - a +0 leather armour (worn)
 g - a +0 cloak (worn)
 u - a +0 scale mail
Jewellery
 m - a +4 ring of dexterity (left hand)
 p - an amulet of inaccuracy (around neck)
Scrolls
 f - 3 scrolls of recharging
 k - 2 scrolls of blinking {unknown}
 l - a scroll of fear
 o - a scroll of fog {unknown}
 w - a scroll of enchant weapon {unknown}
 x - 2 scrolls of remove curse
Potions
 a - 2 potions of experience {unknown}
 h - a potion of flight {unknown}
 j - a potion of resistance
 n - a potion of might
 r - a potion of agility
 s - a potion of lignification {unknown}
 v - a potion of invisibility {unknown}
 B - a potion of berserk rage {unknown}
Books
 b - a book of Necromancy

   Spells                             Type                      Level
   a - Pain                           Necromancy                   1
   b - Animate Skeleton               Necromancy                   1
   c - Vampiric Draining              Necromancy                   3
   d - Regeneration                   Charms/Necromancy            3
   e - Animate Dead                   Necromancy                   4
   f - Control Undead                 Necromancy                   4
 q - a book of Minor Magic

   Spells                             Type                      Level
   a - Magic Dart                     Conjuration                  1
   b - Blink                          Translocation                2
   c - Call Imp                       Summoning                    2
   d - Slow                           Hexes                        2
   e - Conjure Flame                  Conjuration/Fire             3
   f - Mephitic Cloud                 Conjuration/Poison/Air       3
Comestibles
 c - 5 bread rations
 t - a meat ration
 z - a royal jelly


   Skills:
 + Level 2.1 Fighting
 + Level 2.0 Armour
 + Level 1.7 Dodging
 - Level 1.5 Stealth
 + Level 3.3 Spellcasting
 * Level 0.5 Charms
 + Level 5.4 Necromancy


You had 3 spell levels left.
You knew the following spells:

 Your Spells              Type           Power        Failure   Level  Hunger
a - Pain                  Necr           ###.         2%          1    None
b - Animate Skeleton      Necr           N/A          2%          1    None
c - Regeneration          Chrm/Necr      ##........   19%         3    ###....
d - Vampiric Draining     Necr           ###.......   7%          3    ###....


Dungeon Overview and Level Annotations

Branches:
Dungeon (4/15)             Temple (1/1) D:4

Altars:
Elyvilon
Fedhas
Gozag
Kikubaaqudgha
Nemelex Xobeh
Okawaru
Qazlal
Uskayaw
Zin

Annotations:
D:4 Paps's ghost, amateur MiFi


Message History

Press: ? - help, Shift-Dir - straight line, f/p - ogre
Aim: an ogre, wielding a giant spiked club (heavily wounded, chance to defeat MR: 80%)
The ogre writhes in agony!
The ogre hits you with a giant spiked club!!
Casting: Pain
Confirm with . or Enter, or press ? or * to list all spells.
Aiming: Pain
Press: ? - help, Shift-Dir - straight line, f/p - ogre
Aim: an ogre, wielding a giant spiked club (severely wounded, chance to defeat MR: 80%)
The ogre writhes in agony!
Casting: Pain
Confirm with . or Enter, or press ? or * to list all spells.
Aiming: Pain
Press: ? - help, Shift-Dir - straight line, f/p - ogre
Aim: an ogre, wielding a giant spiked club (severely wounded, chance to defeat MR: 80%)
The ogre writhes in agony!
The ogre hits you with a giant spiked club!!
Ouch! That really hurt!
You die...
Kikubaaqudgha rasps: "You have failed me!
Welcome... death!"

#.......# #.#....##
#..#....# #.#.#.##
#..###..####.....#
#. #...........#
#...............##
#.####.#######...#
.# #.# #.#.# ###
#.# ##O# #...# #..
#.# #.@# ##.#####..
#.# #.## #.###....
#.# #.# #.(......
#.# #.# #.###....
#######.###.## #.#
###..
##............# #.#
#..
##.#.####.###..###
#.# ##.
##.###.###........#
#.####### #.##
##.....##..#.#
#.....# #


You could see an ogre.

Vanquished Creatures
  A sky beast (D:3)
  A hound (D:4)
  4 gnolls
  4 adders
  3 oozes
  3 worms
  4 dart slugs
  5 leopard geckos
  5 bats
  3 giant cockroaches
  5 goblins
  5 hobgoblins
  5 jackals
  6 kobolds
  A quokka (D:2)
  2 frilled lizards
  A quokka skeleton (D:4)
  9 rats
67 creatures vanquished.

Vanquished Creatures (collateral kills)
  4 gnolls
  A goblin (D:2)
  A hobgoblin (D:3)
  A kobold (D:1)
  A frilled lizard (D:1)
8 creatures vanquished.

Grand Total: 75 creatures vanquished

Notes
Turn   | Place    | Note
-------+----------+-------------------------------------------
     0 | D:1      | Inarius the Hill Orc Necromancer began the quest for the Orb.
     0 | D:1      | Reached XP level 1. HP: 14/14 MP: 3/3
    72 | D:1      | Learned a level 1 spell: Animate Skeleton
   552 | D:2      | Reached XP level 2. HP: 11/20 MP: 2/4
  1199 | D:1      | Reached skill level 1 in Armour
  1199 | D:1      | Reached XP level 3. HP: 18/27 MP: 0/5
  1200 | D:1      | Reached skill level 1 in Fighting
  1523 | D:2      | Learned a level 3 spell: Regeneration
  1754 | D:2      | Reached XP level 4. HP: 23/35 MP: 4/7
  2415 | D:2      | Reached XP level 5. HP: 37/41 MP: 1/8
  2579 | D:3      | Learned a level 3 spell: Vampiric Draining
  2624 | D:3      | Reached skill level 5 in Necromancy
  2848 | D:3      | Found a glowing silver altar of Zin.
  3004 | D:3      | Noticed a sky beast
  3059 | D:3      | Killed a sky beast
  3059 | D:3      | Reached XP level 6. HP: 35/48 MP: 2/10
  3538 | D:4      | Noticed Paps's ghost (amateur MiFi)
  4193 | D:4      | Found a staircase to the Ecumenical Temple.
  4203 | Temple   | Entered the Ecumenical Temple
  4309 | Temple   | Became a worshipper of Kikubaaqudgha
  4524 | D:4      | Slain by an ogre

Skill      XL: |  1  2  3  4  5 |
---------------+----------------+-----
Armour         | 1 2 |  2.0
Fighting       | 1 2 |  2.1
Spellcasting   | 2 3 |  3.3
Necromancy     | 5 |  5.4
Dodging        | |  1.7
Stealth        | |  1.5
Charms         | |  0.5

Action                   |  1- 3 |  4- 6 || total
-------------------------+-------+-------++-------
Melee: Unarmed           |     7 |       ||     7
       Mace              |     8 |       ||     8
       Short sword       |    33 |    39 ||    72
 Cast: Pain              |    48 |    79 ||   127
       Animate Skeleton  |     8 |    15 ||    23
       Regeneration      |       |     2 ||     2
  Use: Scroll            |       |    10 ||    10
 Stab: Sleeping          |     1 |     1 ||     2
  Eat: Chunk             |     4 |     8 ||    12
Armor: Leather armour    |    23 |    25 ||    48
       Robe              |     3 |       ||     3
Dodge: Dodged            |    44 |    44 ||    88
